Map: Dusk Towers

Players

수아 - Winner!

  • Race: Zerg Zerg
  • League: Diamond

ILLBdA

  • Race: Protoss Protoss
  • League: Diamond

VOD

Have the link to the VOD?

Description

Time

  • Played on: Dec. 17, 2015, 8:45 a.m.
  • Length: 18:36
Show
View Real Time Build Order
Export as new Build Order

수아 Zerg - Winner!

Build Orders: Hatch First, Lurkers 

Get SALT Encoding   

  12  0:02  Drone  
  13  0:09  Drone  
  14  0:19  Overlord  
  14  0:25  Extractor  
  14  0:26  Extractor  
  14  0:27  Drone  
  13  0:29  Drone  
  16  0:43  Drone  
  17  0:51  Drone  
  18  1:01  Hatchery  
  17  1:04  Drone  
  17  1:07  Drone  
  19  1:17  Spawning Pool  
  18  1:22  Drone  
  19  1:28  Drone  
  20  1:39  Overlord  
  20  2:01  Hatchery  
  20  2:05  Queen, Zergling x4  
  23  2:16  Zergling x2, Queen  
  23  2:19  Drone  
  23  2:22  Drone  
  28  2:25  Drone  
  29  2:34  Drone  
  30  2:39  Overlord  
  30  2:46  Queen  
  30  2:47  Overlord  
  32  2:52  Drone  
  32  2:56  Drone x2  
  35  3:02  Extractor  
  35  3:04  Extractor  
  34  3:05  Drone  
  34  3:07  Drone  
  35  3:13  Queen  
  35  3:14  Drone  
  35  3:15  Drone  
  39  3:21  Drone x3  
  39  3:22  Drone  
  39  3:24  Zergling x2  
  43  3:36  Zergling x4  
  40  4:08  Drone  
  40  4:09  Drone x9  
  50  4:21  Metabolic Boost  
  50  4:24  Overlord x3  
  50  4:42  Lair  
  50  4:43  Drone  
  50  4:44  Drone x8  
  59  4:48  Drone x3  
  59  4:49  Drone  
  62  5:12  Roach Warren  
  61  5:17  Drone x12  
  61  5:18  Extractor  
  72  5:22  Overlord  
  72  5:23  Overlord  
  72  5:31  Evolution Chamber  
  71  5:41  Extractor  
  70  5:48  Spore Crawler  
  69  5:55  Roach x10  
  89  5:57  Overseer  
  89  6:00  Zerg Missile Weapons Level 1  
  89  6:02  Overlord, Extractor  
  89  6:03  Overlord x2  
  88  6:08  Spore Crawler, Glial Reconstitution  
  87  6:13  Drone  
  87  6:14  Drone  
  89  6:28  Drone x2  
  91  6:33  Ravager x3  
  91  6:34  Ravager  
  95  6:43  Drone x3  
  95  6:44  Drone  
  95  6:45  Drone x7  
  95  6:46  Overlord x3  
  106  6:51  Extractor  
  106  6:52  Overlord x2  
  105  6:58  Overlord x2  
  105  7:03  Ravager  
  108  7:08  Roach  
  108  7:09  Roach x6  
  120  7:21  Ravager x3  
  120  7:22  Ravager x2  
  125  7:25  Roach x3  
  125  7:26  Roach  
  125  7:28  Hatchery  
  133  7:30  Ravager  
  133  7:32  Roach  
  135  7:42  Roach  
  135  7:43  Roach x7  
  151  7:44  Overlord  
  151  7:45  Overlord x2  
  151  8:03  Ravager x2  
  151  8:04  Ravager x2  
  155  8:11  Zerg Missile Weapons Level 2  
  155  8:21  Roach  
  155  8:22  Roach x6  
  169  8:29  Roach x4  
  169  8:30  Roach  
  169  8:31  Overlord x2  
  169  8:32  Overlord  
  179  8:40  Hatchery  
  178  8:44  Hydralisk Den, Roach x5  
  187  8:55  Drone x3  
  190  8:56  Roach x3  
  190  8:57  Roach x2  
  200  9:06  Extractor  
  200  9:08  Extractor  
  173  9:42  Roach x3  
  173  9:43  Roach x8  
  151  9:53  Hydralisk  
  151  9:54  Hydralisk x3  
  157  10:13  Roach x6  
  171  10:21  Ravager x3  
  171  10:22  Ravager  
  171  10:23  Ravager x3  
  171  10:28  Zerg Ground Armor Level 1  
  176  10:30  Muscular Augments  
  157  10:43  Roach x3  
  137  10:51  Hydralisk  
  137  10:52  Hydralisk x8  
  137  10:54  Zergling x2  
  137  10:55  Zergling x2  
  137  10:56  Zergling x12  
  163  11:07  Spore Crawler  
  162  11:12  Drone  
  162  11:13  Drone x8  
  171  11:43  Spore Crawler, Extractor x2  
  171  11:44  Drone x4  
  171  11:45  Overseer  
  172  11:53  Spire  
  171  11:56  Lurker Den  
  171  11:57  Infestation Pit  
  171  12:00  Roach  
  171  12:01  Roach x10  
  192  12:11  Spine Crawler  
  192  12:13  Drone x3, Queen  
  194  12:34  Roach x2  
  198  12:38  Hive  
  198  12:41  Evolution Chamber  
  198  12:43  Spine Crawler  
  192  13:31  Lurker  
  192  13:32  Lurker x6  
  199  13:39  Overseer  
  199  13:40  Overseer  
  199  13:41  Pneumatized Carapace  
  199  13:44  Zerg Ground Armor Level 2  
  199  13:45  Hatchery  
  199  13:46  Zerg Flyer Weapons Level 1  
  192  14:23  Roach x5  
  192  14:24  Roach x14  
  200  14:25  Roach x5  
  189  14:42  Lurker  
  189  14:43  Lurker x3  
  193  14:49  Hydralisk x3  
  199  15:19  Overseer  
  199  15:43  Lurker  
  200  15:50  Spine Crawler  
  200  15:52  Baneling Nest  
  198  16:01  Zerg Flyer Weapons Level 2  
  196  16:09  Spine Crawler  
  196  16:10  Spine Crawler x2  
  196  16:11  Spine Crawler  
  192  16:19  Hydralisk x2  
  192  16:20  Hydralisk  
  190  16:34  Roach x4  
  190  16:35  Ravager x4  
  170  16:47  Roach x2  
  170  16:48  Roach x17  
  170  16:53  Roach x7  
  200  17:18  Spine Crawler  
  199  17:26  Drone  
  200  17:41  Spine Crawler  
  200  17:42  Spine Crawler, Extractor  
  200  17:43  Spore Crawler  
  196  17:44  Spine Crawler  
  196  17:45  Extractor  
  196  17:46  Spine Crawler  
  179  17:55  Roach  
  179  17:56  Roach x9  
  157  18:00  Roach x3  
  157  18:01  Roach x6  
  157  18:05  Hydralisk  
  163  18:06  Hydralisk x10  
  163  18:10  Ravager x3  
  163  18:11  Ravager x2  
  181  18:14  Roach x2  
  181  18:15  Roach  
Show
View Real Time Build Order
Export as new Build Order

ILLBdA Protoss 

Build Orders: Nexus First, Oracle Opening, Zealot Archon 

Get SALT Encoding   

  12  0:01  Probe (Chrono Boost)  
  13  0:11  Probe (Chrono Boost)  
  14  0:21  Pylon  
  14  0:22  Probe (Chrono Boost)  
  15  0:39  Probe (Chrono Boost)  
  16  0:50  Probe (Chrono Boost)  
  17  0:57  Nexus  
  17  1:07  Gateway  
  17  1:11  Probe (Chrono Boost)  
  18  1:17  Assimilator  
  18  1:22  Assimilator  
  19  1:25  Probe (Chrono Boost)  
  19  1:36  Probe (Chrono Boost)  
  20  1:42  Gateway  
  20  1:46  Probe (Chrono Boost)  
  21  1:54  Cybernetics Core  
  21  2:00  Pylon  
  21  2:05  Probe (Chrono Boost)  
  22  2:11  Probe (Chrono Boost)  
  22  2:15  Probe (Chrono Boost)  
  24  2:22  Probe (Chrono Boost)  
  25  2:26  Probe (Chrono Boost)  
  26  2:31  Adept (Chrono Boost)  
  26  2:32  Adept (Chrono Boost)  
  26  2:35  Warp Gate  
  30  2:40  Probe  
  30  2:43  Probe  
  32  2:55  Sentry (Chrono Boost)  
  32  2:56  Sentry (Chrono Boost)  
  32  2:58  Gateway  
  36  3:05  Gateway  
  36  3:09  Stargate  
  36  3:11  Probe  
  37  3:18  Probe  
  40  3:20  Stalker (Chrono Boost)  
  40  3:51  Probe  
  40  3:52  Assimilator  
  40  3:54  Assimilator  
  41  3:55  Oracle (Chrono Boost)  
  44  4:06  Probe (Chrono Boost)  
  44  4:09  Probe (Chrono Boost)  
  42  4:18  Probe (Chrono Boost)  
  42  4:22  Probe (Chrono Boost)  
  44  4:24  Pylon  
  44  4:28  Phoenix  
  46  4:37  Pylon  
  46  4:43  Mothership Core (Chrono Boost), Probe (Chrono Boost), Twilight Council  
  49  4:46  Adept  
  51  4:53  Probe (Chrono Boost)  
  52  5:01  Probe (Chrono Boost)  
  52  5:04  Probe (Chrono Boost), Phoenix  
  56  5:11  Probe (Chrono Boost)  
  56  5:13  Adept x2  
  61  5:14  Probe (Chrono Boost)  
  62  5:23  Nexus  
  62  5:25  Pylon  
  62  5:28  Pylon  
  62  5:30  Pylon  
  62  5:38  Charge (Chrono Boost)  
  62  5:42  Probe  
  62  5:43  Probe  
  62  5:47  Zealot  
  62  5:48  Zealot x3  
  72  5:52  Probe  
  72  5:56  Probe  
  74  6:08  Zealot x2  
  74  6:10  Templar Archives  
  78  6:18  Probe  
  79  6:21  Zealot x2  
  83  6:25  Gateway  
  83  6:27  Gateway  
  83  6:28  Phoenix  
  85  6:36  Probe  
  85  6:38  Probe  
  87  6:46  Probe  
  87  6:53  Phoenix  
  90  6:56  High Templar x3  
  90  6:57  Probe, High Templar  
  90  7:00  Archon x2  
  99  7:02  Gateway  
  99  7:04  Gateway  
  99  7:12  Probe  
  100  7:18  Robotics Facility  
  100  7:23  Probe  
  100  7:24  Pylon  
  101  7:37  Forge  
  101  7:42  Phoenix (Chrono Boost), High Templar  
  101  7:43  Zealot, High Templar  
  109  7:46  Archon  
  109  7:49  Pylon  
  109  7:50  Pylon  
  109  7:56  Assimilator  
  109  7:57  Assimilator  
  109  8:01  Gateway  
  109  8:04  Gateway x2  
  109  8:05  Phoenix (Chrono Boost)  
  109  8:06  Probe  
  109  8:07  Probe  
  109  8:08  Immortal (Chrono Boost)  
  117  8:14  Probe  
  117  8:16  Probe  
  120  8:20  Probe  
  120  8:23  High Templar x2  
  120  8:26  Probe  
  125  8:27  Archon  
  125  8:33  Pylon  
  125  8:48  Phoenix  
  125  8:50  Probe  
  125  8:51  Probe  
  125  8:52  Immortal (Chrono Boost)  
  133  9:08  Nexus  
  133  9:09  Pylon  
  133  9:14  Probe  
  133  9:24  Pylon x2  
  133  9:26  Phoenix  
  133  9:28  Probe  
  133  9:30  Probe  
  133  9:31  Probe  
  133  9:36  Immortal (Chrono Boost)  
  124  9:40  Zealot x4  
  124  9:42  Probe  
  124  9:43  Probe  
  134  10:04  Protoss Ground Weapons Level 1 (Chrono Boost)  
  134  10:07  Observer (Chrono Boost)  
  134  10:08  Phoenix  
  137  10:16  Nexus  
  137  10:17  Pylon  
  137  10:19  High Templar x4, Robotics Facility  
  137  10:20  Pylon, Robotics Facility, High Templar x2  
  149  10:23  Archon x2  
  149  10:24  Archon  
  149  10:32  Observer  
  108  10:51  Zealot x6  
  108  10:52  Zealot x2  
  128  10:57  Phoenix  
  128  10:58  Immortal (Chrono Boost)  
  128  11:03  Pylon  
  130  11:06  Pylon  
  130  11:09  Immortal (Chrono Boost)  
  138  11:15  Immortal (Chrono Boost)  
  138  11:17  Pylon  
  135  11:29  High Templar x2  
  135  11:30  High Templar x3  
  145  11:32  Nexus  
  145  11:33  Archon  
  145  11:34  Archon  
  145  11:38  High Templar  
  145  11:39  Immortal (Chrono Boost)  
  151  11:42  Archon  
  151  11:53  Immortal (Chrono Boost)  
  151  11:54  Nexus  
  159  11:55  Pylon, Zealot x3  
  159  11:58  Immortal (Chrono Boost)  
  159  12:00  Pylon x2  
  169  12:19  Immortal (Chrono Boost)  
  169  12:22  Photon Cannon  
  169  12:24  Pylon  
  169  12:25  High Templar  
  169  12:26  Gateway, High Templar  
  169  12:27  Immortal (Chrono Boost)  
  169  12:29  Archon  
  175  12:35  Zealot  
  181  12:37  Immortal (Chrono Boost)  
  181  12:41  Probe  
  181  12:43  Probe  
  183  12:45  Gateway  
  183  12:46  Gateway  
  183  12:47  Protoss Ground Weapons Level 2  
  183  12:52  High Templar x2  
  183  12:56  Archon  
  191  12:59  Immortal (Chrono Boost)  
  191  13:01  Immortal (Chrono Boost)  
  195  13:17  Zealot x2  
  199  13:23  Dark Shrine  
  199  13:27  Probe  
  199  13:29  Photon Cannon  
  200  13:41  Photon Cannon  
  200  13:42  Photon Cannon  
  200  13:49  Assimilator  
  200  13:52  Psionic Storm  
  200  13:53  Assimilator  
  192  14:13  Oracle  
  192  14:16  Immortal (Chrono Boost)  
  171  14:27  Observer (Chrono Boost)  
  171  14:29  Observer (Chrono Boost)  
  161  14:39  Dark Templar x3  
  161  14:40  Probe  
  168  14:47  Zealot x4  
  168  14:48  Void Ray  
  184  15:02  Immortal (Chrono Boost)  
  184  15:07  Zealot x2  
  184  15:08  Zealot x2  
  192  15:32  Zealot  
  192  15:33  Zealot x3  
  200  16:28  Fleet Beacon  
  200  16:29  Dark Templar x3  
  193  16:36  Probe x2  
  193  16:37  Probe  
  166  16:58  High Templar  
  166  16:59  High Templar x6  
  166  17:00  High Templar  
  162  17:04  Archon x4  
  162  17:07  Observer  
  159  17:10  Zealot x5  
  159  17:11  Zealot  
  159  17:15  Probe  
  140  18:05  Phoenix  
  150  18:19  Zealot  
  140  18:20  Zealot x6  
  140  18:21  Zealot  
Tags
 
Add a new tag
Caveats
  • Supply blocks, unpowered buildings, or Contaminate may cause inaccurate times.
  • Supply counts are checked every 10 seconds.